 Dungeon Crawl Stone Soup version 0.32-a0-350-g4f4d228785 (webtiles) character file.

Game seed: 17918830832865225929

1277 cforsyth the Trooper (level 8, -5/64 HPs)
             Began as a Djinni Fire Elementalist on Feb 17, 2024.
             Engulfed by a cloud of flame (8 damage)
             ... on level 5 of the Dungeon.
             The game lasted 00:10:32 (5004 turns).

cforsyth the Trooper (Djinni Fire Elementalist)     Turns: 5004, Time: 00:10:32

Health: -5/64      AC:  3    Str: 11    XL:     8   Next: 84%
Gold:   224        EV: 12    Int: 23    God:
                   SH:  0    Dex: 14

rFire   + + .        a - staff "Riulotax" {Str+4 Int+4 Conj Necro, !a}
rCold   . . .        (no shield)
rNeg    . . .        j - +0 robe
rPois   ∞            l - +0 helmet
rElec   .            (no cloak)
rCorr   .            (no gloves)
SInv    .            (boots unavailable)
Will    .....        (no amulet)
Stlth   ++           C - ring of protection from cold
HPRegen 0.30/turn    (no ring)
MPRegen 0.00/turn

%: infuse magic (-6 HP)
@: flying
A: sickness immunity, fire resistance 2, cold vulnerability 1, float, innate
caster, HP casting, extra vitality 1
a: no special abilities


You were on level 5 of the Dungeon.
You visited 1 branch of the dungeon, and saw 5 of its levels.

You collected 224 gold pieces.


Innate Abilities, Weirdness & Mutations

You are immune to sickness and miasma.
You are immune to poison.
Your flesh is very heat resistant. (rF++)
You are vulnerable to cold. (rC-)
You float through the air rather than walking.
You learn spells naturally, not from books.
Your magical power is your life essence.
You have superior vitality. (+4 MHP)


   Skills:
 + Level 7.1 Fighting
 - Level 2.1 Dodging
 - Level 1.5 Stealth
 + Level 6.2 Spellcasting
 + Level 6.2 Conjurations
 + Level 6.2 Hexes
 + Level 6.2 Summonings
 + Level 6.2 Necromancy
 + Level 6.2 Translocations
 + Level 6.2 Fire Magic
 + Level 6.2 Ice Magic
 + Level 6.2 Air Magic
 + Level 6.2 Earth Magic
 + Level 6.2 Alchemy


You knew the following spells:

 Your Spells              Type           Power      Damage    Failure   Level
c - Call Imp              Summ           72%        N/A       1%          2
f - Foxfire               Conj/Fire      100%       2x1d9     1%          1
l - Call Canine Familiar  Summ           36%        N/A       1%          3
r - Inner Flame           Hex/Fire       36%        N/A       1%          3
z - Summon Small Mammal   Summ           100%       N/A       1%          1
X - Scorch                Fire           72%        2d8       1%          2
Y - Volatile Blastmotes   Fire/Tloc      72%        2d16      1%          3
Z - Flame Wave            Conj/Fire      52%        2d13      6%          4
Your spell library was empty.

Inventory:

Armour
 j - a +0 robe (worn)
 l - a +0 helmet (worn)
Magical Staves
 a - the staff "Riulotax" (weapon) {Str+4 Int+4 Conj Necro, !a}
   (You found it on level 3 of the Dungeon)

   [staff of conjuration]

   Base accuracy: +5 Base damage: 5 Base attack delay: 1.2 This weapon's minimum
   attack delay (0.6) is reached at skill level 12.
   Str+4:     It affects your strength (+4).
   Int+4:     It affects your intelligence (+4).
   Conj:      It increases the power of your Conjurations spells.
   Necro:     It increases the power of your Necromancy spells.
   It falls into the 'Staves' category.
   It is a one-handed weapon.
 k - a staff of alchemy {!a}
Jewellery
 s - an amulet of faith {!P}
 C - a ring of protection from cold (left hand)
Wands
 q - a wand of flame (47)
Scrolls
 b - 5 scrolls of identify {unknown}
 d - 4 scrolls of teleportation {unknown}
 e - a scroll of fog {unknown}
 g - a scroll of vulnerability {unknown}
 h - a scroll of revelation {unknown}
 i - 2 scrolls of fear {unknown}
 n - a scroll of butterflies {unknown}
 t - a scroll of enchant armour {unknown}
Potions
 c - 2 potions of might {unknown}
 f - 3 potions of mutation {unknown}
 m - 2 potions of heal wounds {unknown}
 o - 3 potions of invisibility {unknown}
 p - a potion of lignification {unknown}
 r - a potion of curing {unknown}

Dungeon Overview and Level Annotations

Branches:
Dungeon (5/15)
 Temple: D:4-7

Altars:
Elyvilon
Fedhas

Annotations:
D:2 1 runed translucent door, Crazy Yiuf

#.# #.# .░ #.# .░ #.# .░ #######
#.# .░ .. #>....# #.# )░ ... #
###.###.# #.###§░ ....######
#....##.#####.##°§░░░░░....#...##
#.##...........§@§.........'.....
#.#.....#####.######..##...#...##
#.#...........# . #.).#
#.......####..# #...# ........#
#..# #...# #.....#.# #..#
###...## #.......# #..# #.......
#.....### ##.## #..).... ......#
#..# #.......


There were no monsters in sight!


Message History

* * * LOW HITPOINT WARNING * * *
Duvessa is engulfed in blazing flames.
Flame seeps out of Duvessa.
Duvessa closely misses you.
Unknown command.
Unknown command.
Unknown command.
Unknown command.
Unknown command.
Unknown command.
Casting: Scorch (safe; 1% risk of failure)
Confirm with . or Enter, or press ? or * to list all spells.
Flames lash Duvessa.
Duvessa is burned terribly!
Flame seeps out of Duvessa.
Duvessa is moderately wounded.
* * * LOW HITPOINT WARNING * * *
Duvessa is engulfed in blazing flames.
Flame seeps out of Duvessa.
Duvessa hits you with a +0 short sword!
* * * LOW HITPOINT WARNING * * *
Duvessa is engulfed in blazing flames.
Flame seeps out of Duvessa.
Duvessa hits you with a +0 short sword!
* * * LOW HITPOINT WARNING * * *
Unknown command.
Casting: Scorch (safe; 1% risk of failure)
Confirm with . or Enter, or press ? or * to list all spells.
Flames lash Duvessa.
Duvessa is burned terribly!
* * * LOW HITPOINT WARNING * * *
Duvessa explodes!
The fiery explosion engulfs you. You resist.
* * * LOW HITPOINT WARNING * * *
You are engulfed in blazing flames.
You resist.
You die...

Skill      XL: |  1  2  3  4  5  6  7  8 |
---------------+-------------------------+-----
Fighting       | 1 2 4 5 7 |  7.1
Spellcasting   | 4 5 6 |  6.2
Conjurations   | 4 5 6 |  6.2
Hexes          | 4 5 6 |  6.2
Summonings     | 4 5 6 |  6.2
Necromancy     | 4 5 6 |  6.2
Translocations | 4 5 6 |  6.2
Fire Magic     | 4 5 6 |  6.2
Ice Magic      | 4 5 6 |  6.2
Air Magic      | 4 5 6 |  6.2
Earth Magic    | 4 5 6 |  6.2
Alchemy        | 4 5 6 |  6.2
Dodging        | |  2.1
Stealth        | |  1.5

Action                     |  1- 3 |  4- 6 |  7- 9 || total
---------------------------+-------+-------+-------++-------
  Melee: Unarmed           |     2 |       |       ||     2
   Cast: Foxfire           |    82 |   137 |   155 ||   374
         Scorch            |       |     7 |    35 ||    42
         Inner Flame       |       |       |     2 ||     2
 Armour: Robe              |     5 |    13 |    22 ||    40
  Dodge: Dodged            |     8 |     7 |    21 ||    36

Levels and vault maps discovered:
D:1:      evilmike_arrival_crescent, layout_loops_ring, minmay_indecisive_spiral
D:2:      layout_loops_cross, basic_altar, st_stairs_2, uniq_jessica,
          uniq_sigmund, uniq_crazy_yiuf_cottage
D:3:      layout_basic, elyvilon_altar_4, serial_co_window_serial,
          co_window_corner_a, co_window_paths_b, co_window_paths_a,
          co_window_of_opportunity_a, co_window_corner_a, co_window_broadway_c,
          co_window_broadway_b, co_window_broadway_a, co_window_2corner,
          glass_columns_c, glass_columns_c, glass_columns_c,
          kennysheep_generic_room_8, uniq_natasha, uniq_terence, uniq_robin
D:4:      layout_loops_ring, uniq_grinder
D:5:      layout_basic, vehumet_statue, uniq_duvessa

Notes
Turn   | Place    | Note
-------+----------+-------------------------------------------
     0 | D:1      | cforsyth the Djinni Fire Elementalist began the quest for
                  | the Orb.
     0 | D:1      | cforsyth set off with the following spells memorised:
                  | Foxfire, Scorch, Volatile Blastmotes, Inner Flame, Flame
                  | Wave.
     0 | D:1      | Reached XP level 1. HP: 15/15 MP: 0/0
    68 | D:1      | Reached XP level 2. HP: 11/22 MP: 0/0
    76 | D:1      | Reached skill level 1 in Fighting
   229 | D:1      | Reached XP level 3. HP: 24/27 MP: 0/0
   229 | D:1      | Learned a level 1 spell: Summon Small Mammal
   588 | D:1      | Reached skill level 2 in Fighting
   725 | D:1      | Reached XP level 4. HP: 29/33 MP: 0/0
   891 | D:1      | You are sucked into a shaft and drop 1 floor!
  1306 | D:2      | Found a runed translucent door.
  1307 | D:2      | Noticed Crazy Yiuf
  1618 | D:2      | Reached XP level 5. HP: 38/40 MP: 0/0
  1618 | D:2      | Learned a level 2 spell: Call Imp
  1764 | D:2      | Reached skill level 3 in Fighting
  1794 | D:2      | Noticed Sigmund
  1813 | D:2      | Killed Sigmund
  1814 | D:2      | Reached skill level 4 in Fighting
  1814 | D:2      | Reached skill level 4 in Spellcasting
  1814 | D:2      | Reached skill level 4 in Conjurations
  1814 | D:2      | Reached skill level 4 in Hexes
  1814 | D:2      | Reached skill level 4 in Summonings
  1814 | D:2      | Reached skill level 4 in Necromancy
  1814 | D:2      | Reached skill level 4 in Translocations
  1814 | D:2      | Reached skill level 4 in Fire Magic
  1814 | D:2      | Reached skill level 4 in Ice Magic
  1814 | D:2      | Reached skill level 4 in Air Magic
  1814 | D:2      | Reached skill level 4 in Earth Magic
  1814 | D:2      | Reached skill level 4 in Alchemy
  1814 | D:2      | Reached XP level 6. HP: 33/47 MP: 0/0
  1816 | D:2      | Noticed Jessica
  1821 | D:2      | Killed Jessica
  1952 | D:2      | Found a blossoming altar of Fedhas.
  2198 | D:3      | Noticed Terence
  2207 | D:3      | Killed Terence
  2324 | D:3      | Identified the staff "Riulotax" {Str+4 Int+4 Conj Necro}
  2358 | D:3      | Noticed Robin
  2396 | D:3      | Killed Robin
  2397 | D:3      | Reached XP level 7. HP: 22/53 MP: 0/0
  2397 | D:3      | Learned a level 3 spell: Call Canine Familiar
  2864 | D:3      | Noticed Natasha
  2867 | D:3      | Killed Natasha
  2887 | D:3      | Found a transporter.
  2890 | D:3      | Found a white marble altar of Elyvilon.
  2890 | D:3      | Found a transporter.
  3384 | D:4      | Reached skill level 5 in Fighting
  3384 | D:4      | Reached skill level 5 in Spellcasting
  3384 | D:4      | Reached skill level 5 in Conjurations
  3384 | D:4      | Reached skill level 5 in Hexes
  3384 | D:4      | Reached skill level 5 in Summonings
  3384 | D:4      | Reached skill level 5 in Necromancy
  3384 | D:4      | Reached skill level 5 in Translocations
  3384 | D:4      | Reached skill level 5 in Fire Magic
  3384 | D:4      | Reached skill level 5 in Ice Magic
  3384 | D:4      | Reached skill level 5 in Air Magic
  3384 | D:4      | Reached skill level 5 in Earth Magic
  3384 | D:4      | Reached skill level 5 in Alchemy
  3610 | D:4      | Noticed Grinder
  3616 | D:4      | Killed Grinder
  3743 | D:4      | Reached XP level 8. HP: 53/61 MP: 0/0
  3862 | D:4      | Identified the +6 hand axe "Ogre's Demise" {speed, rElec
                  | rPois Dex+4}
  4126 | D:5      | Entered Level 5 of the Dungeon
  4164 | D:5      | Reached skill level 6 in Fighting
  4862 | D:5      | Reached skill level 6 in Spellcasting
  4862 | D:5      | Reached skill level 6 in Conjurations
  4862 | D:5      | Reached skill level 6 in Hexes
  4862 | D:5      | Reached skill level 6 in Summonings
  4862 | D:5      | Reached skill level 6 in Necromancy
  4862 | D:5      | Reached skill level 6 in Translocations
  4862 | D:5      | Reached skill level 6 in Fire Magic
  4862 | D:5      | Reached skill level 6 in Ice Magic
  4862 | D:5      | Reached skill level 6 in Air Magic
  4862 | D:5      | Reached skill level 6 in Earth Magic
  4862 | D:5      | Reached skill level 6 in Alchemy
  4930 | D:5      | Reached skill level 7 in Fighting
  4995 | D:5      | Noticed Duvessa
  4995 | D:5      | Noticed Dowan
  4999 | D:5      | Killed Dowan
  5004 | D:5      | Killed Duvessa
  5004 | D:5      | HP: 3/64 [spore (6)]
  5004 | D:5      | Engulfed by a cloud of flame

Vanquished Creatures
  Grinder (D:4)
  Sigmund (D:2)
  Duvessa (D:5)
  An ogre (D:5)
  A scorpion (D:5)
  Dowan (D:5)
  A bombardier beetle (D:5)
  4 hounds
  2 orc priests
  A sleepcap (D:5)
  Jessica (D:2)
  3 iguanas (D:5)
  Natasha (D:3)
  2 orc wizards
  Terence (D:3)
  Robin (D:3)
  5 adders
  A dart slug (D:4)
  A ribbon worm (D:2)
  22 orcs
  6 endoplasms
  7 giant cockroaches
  14 goblins
  14 hobgoblins
  2 jackals (D:1)
  7 kobolds
  3 quokkas
  9 ball pythons
  5 bats
  4 frilled lizards
  11 rats
134 creatures vanquished.

Vanquished Creatures (others)
  608 foxfires
608 creatures vanquished.

Grand Total: 742 creatures vanquished

Table legend: (Time is in decaauts)
 A = Elapsed time spent in this place.
 B = Non-inter-level travel time spent in this place.
 C = Inter-level travel time spent in this place.
 D = Time resting spent in this place.
 E = Time spent auto-exploring this place.
 F = Levels seen in this place.
 G = Mean time per level.
                   A        B        C        D        E       F      G
               +--------+--------+--------+--------+--------+-----+--------+
         Total |   5002 |   4907 |     95 |     97 |   3965 |   5 | 1000.4 |
       Dungeon |   5002 |   4907 |     95 |     97 |   3965 |   5 | 1000.4 |
               +--------+--------+--------+--------+--------+-----+--------+

Top non-repeatable levels by time:
     D:3: 1183 daAuts
     D:1: 1113 daAuts
     D:2: 983 daAuts
     D:5: 877 daAuts
     D:4: 844 daAuts

Table legend:
 A = Non-vault XP
 B = Vault XP
 C = Vault XP percentage of total XP
 D = Non-vault monster count
 E = Vault monster count
 F = Vault count percentage of total count
                 A         B        C        D         E       F
            +---------+---------+-------+---------+---------+-------
      Total |    1060 |     915 |  46.3 |     107 |      27 |  20.1
            +---------+---------+-------+---------+---------+-------
        D:1 |      80 |       9 |  10.1 |      31 |       4 |  11.4
        D:2 |      75 |     270 |  78.3 |      15 |       4 |  21.1
        D:3 |      61 |     125 |  67.2 |      18 |      16 |  47.1
        D:4 |     188 |     291 |  60.8 |      21 |       1 |   4.5
        D:5 |     656 |     220 |  25.1 |      22 |       2 |   8.3
            +---------+---------+-------+---------+---------+-------
